 Dungeon Crawl Stone Soup version 0.31-a0-1227-g0136665373 (webtiles) character file.

Game seed: 2044884095108870177

37 bmb222 the Grave Robber (level 3, -2/24 HPs)
             Began as a Mummy Necromancer on Dec 14, 2023.
             Slain by a gnoll
             ... wielding a +0 club
              (4 damage)
             ... on level 2 of the Dungeon.
             The game lasted 00:01:02 (700 turns).

bmb222 the Grave Robber (Mummy Necromancer)          Turns: 700, Time: 00:01:03

Health: -2/24      AC:  2    Str: 11    XL:     3   Next: 23%
Magic:  1/7        EV: 12    Int: 16    God:
Gold:   60         SH:  0    Dex: 12    Spells: 7/8 levels left

rFire   x . .        e - staff of death
rCold   + . .        (no shield)
rNeg    + + +        a - +0 robe
rPois   ∞            (no helmet)
rElec   .            (no cloak)
rCorr   .            (no gloves)
SInv    .            (no boots)
Will    .....        (no amulet)
Stlth   ++           (no ring)
HPRegen 0.24/turn    (no ring)
MPRegen 0.10/turn

%: faith
@: no status effects
A: cold resistance 1, negative energy resistance 3, torment resistance 2, heat
vulnerability 1, in touch with death 1, no potions, faith
a: no special abilities


You were on level 2 of the Dungeon.
You visited 1 branch of the dungeon, and saw 2 of its levels.

You collected 60 gold pieces.

Inventory:

Armour
 a - a +0 robe (worn)
Magical Staves
 e - a staff of death (weapon)
Scrolls
 b - a scroll of poison {unknown}
 c - 2 scrolls of revelation {unknown}
 d - a scroll of enchant armour {unknown}
 f - a scroll of identify {unknown}


   Skills:
 + Level 1.6 Dodging
 + Level 1.7 Stealth
 + Level 3.3 Spellcasting
 + Level 4.7 Necromancy


You had 7 spell levels left.
You knew the following spells:

 Your Spells              Type           Power      Damage    Failure   Level
a - Necrotise             Necr           100%       1d9       2%          1

Your spell library contained the following spells:

 Spells                   Type           Power      Damage    Failure   Level
 Vampiric Draining        Necr           40%        2d8       8%          3
 Freeze                   Ice            8%         1d3       19%         1
 Animate Dead             Necr           40%        N/A       26%         4
 Frozen Ramparts          Ice            4%         1d1       47%         3
 Hailstorm                Conj/Ice       2%         3d5       47%         3
 Agony                    Necr           40%        N/A       56%         5


Dungeon Overview and Level Annotations

Branches:
Dungeon (2/15)

Altars:
Nemelex Xobeh


Innate Abilities, Weirdness & Mutations

You are immune to poison.
Your flesh is cold resistant. (rC+)
You are immune to negative energy. (rN+++)
You are immune to unholy pain and torment.
You are vulnerable to heat. (rF-)
You are in touch with the powers of death.
You do not drink.
You have a special connection with the divine. (Faith)


Message History

Found a scroll labelled NUGUNY YRGHE.
You feel a strong surge of power!
The ball python writhes in agony!
You kill the ball python!
You feel a strong surge of power!
The quokka writhes in agony!
You kill the quokka!
The dead are hopping!
You can't see any susceptible monsters within range! (Use Z to cast anyway.)
You swap places.
Your ball python skeleton crumbles into dust!
f - a scroll labelled NUGUNY YRGHE
Found a glowing golden potion.
You see here a glowing golden potion.
Your quokka skeleton crumbles into dust!
Found a stone staircase leading up.
A gnoll comes into view. It is wielding a +0 club.
The gnoll shouts!
You hear a shout! x2
A gnoll comes into view. It is wielding a +0 club.
There are monsters nearby!
There are monsters nearby!
You feel a strong surge of power!
The gnoll writhes in agony.
You feel a strong surge of power!
The gnoll writhes in agony.
A gnoll comes into view. It is wielding a +0 halberd.
The gnoll closely misses you.
You feel a strong surge of power!
The gnoll writhes in agony.
You kill the gnoll!
The dead are walking!
The gnoll misses you.
You have reached level 3!
Your experience leads to an increase in your attributes!
Increase (S)trength, (I)ntelligence, or (D)exterity?
You feel clever. x2
You feel a strong surge of power!
The gnoll writhes in agony!
An endoplasm comes into view.
The gnoll hits you with a +0 club! The gnoll closely misses you.
You feel a strong surge of power!
The gnoll writhes in agony.
Your gnoll skeleton hits the gnoll.
The gnoll hits you from afar with a +0 halberd!
Ouch! That really hurt!
* * * LOW HITPOINT WARNING * * *
The gnoll hits you with a +0 club.
You die...

#.# #.# #.#
#.# # #.# #.
#.# J. #.# .#
#.########g.#
#
#.......@g..#
.#
##########Z##
.# # .## ..#
#.#


You could see 2 gnolls, an endoplasm and a friendly gnoll skeleton.

Vanquished Creatures
  A gnoll (D:2)
  An adder (D:2)
  2 dart slugs (D:2)
  A ball python (D:2)
  2 endoplasms
  2 hobgoblins (D:2)
  A quokka (D:2)
  2 bats
  3 frilled lizards
15 creatures vanquished.

Notes
Turn   | Place    | Note
-------+----------+-------------------------------------------
     0 | D:1      | bmb222 the Mummy Necromancer began the quest for the Orb.
     0 | D:1      | Reached XP level 1. HP: 13/13 MP: 4/4
   150 | D:1      | You fall into a shaft and drop 1 floor!
   221 | D:2      | Reached XP level 2. HP: 19/19 MP: 3/6
   319 | D:2      | Found a faded altar of an unknown god.
   458 | D:2      | Found a sparkling altar of Nemelex Xobeh.
   699 | D:2      | Reached XP level 3. HP: 24/24 MP: 3/7
   700 | D:2      | Slain by a gnoll

Illustrated notes

Levels and vault maps discovered:
D:1:      spicycebolla_arrival_clurvy, layout_loops_ring,
          kennysheep_another_room
D:2:      cheibrodos_old_hovel, layout_loops_ring, basic_altar,
          nicolae_ecumenical_oubliette, corexii_hall_statues_i

Skill      XL: |  1 |
---------------+----+-----
Spellcasting   | 3 |  3.3
Dodging        | |  1.6
Stealth        | |  1.7
Necromancy     | |  4.7

Action                     || total
---------------------------++-------
  Melee: Unarmed           ||     4
   Cast: Necrotise         ||    34
 Armour: Robe              ||     9
  Dodge: Dodged            ||    10

Table legend: (Time is in decaauts)
 A = Elapsed time spent in this place.
 B = Non-inter-level travel time spent in this place.
 C = Inter-level travel time spent in this place.
 D = Time resting spent in this place.
 E = Time spent auto-exploring this place.
 F = Levels seen in this place.
 G = Mean time per level.
                   A        B        C        D        E       F      G
               +--------+--------+--------+--------+--------+-----+--------+
         Total |    699 |    650 |     49 |      0 |    560 |   2 |  349.5 |
       Dungeon |    699 |    650 |     49 |      0 |    560 |   2 |  349.5 |
               +--------+--------+--------+--------+--------+-----+--------+

Top non-repeatable levels by time:
     D:2: 549 daAuts
     D:1: 150 daAuts
